Thrashers vs RedWings

Created - March 2 2011 at 18:52

Goals
1 2 3 T
Thrashers 0 1 0 1
RedWings 0 1 1 2
Shots
1 2 3 T
Thrashers 10 12 14 36
RedWings 6 1 10 17

Period #1

No Goal

Penalties :
Marc Staal (ATL) for High sticking (Double Minor) at 0:06, Dave Bolland (ATL) for Hooking (Minor) at 6:07, Nate Thompson (DET) for High sticking (Minor) at 11:55, Nate Thompson (DET) for Hooking (Minor) at 14:10, Nate Thompson (DET) for Cross-checking (Minor) at 17:27, Nate Thompson (DET) for Hooking (Minor) at 19:32

Period #2

1. RedWings , Mike Cammalleri 23 (Keith Yandle, Zach Parise) at 5:59
2. Thrashers , Mike Ribeiro 20 (James Wisniewski, Christian Ehrhoff) at 17:57 (PP)

Penalties :
Nate Thompson (DET) for Holding (Minor) at 2:03, Keith Yandle (DET) for Hooking (Minor) at 6:55, Marc Staal (ATL) for Hooking (Minor) at 9:41, Nate Thompson (DET) for Slashing (Minor) at 14:13, Brendan Witt (DET) for Hooking (Minor) at 17:03, Colin White (DET) for Hooking (Minor) at 18:30

Period #3

3. RedWings , Jean-Pierre Dumont 14 (Travis Zajac, Ray Whitney) at 16:32

Penalties :
Brenden Morrow (ATL) for Hooking (Minor) at 0:39, Joe Callahan (DET) for Holding (Minor) at 3:58, Brett Clark (DET) for Hooking (Minor) at 6:02, Marc Staal (ATL) for Hooking (Minor) at 8:20, Ryan Callahan (ATL) for Interference (Minor) at 19:50

Goalie Stats

Roberto Luongo (ATL), 15 saves from 17 shots - (0.882), L, 37-25-3, 59:49 minutes
Craig Anderson (DET), 35 saves from 36 shots - (0.972), W, 39-20-7, 60:00 minutes

Players Stats

Thrashers
Player Name              G  A  P  +/- PIM S  H  SB FO    MP 
------------------------------------------------------------
Antoine Vermette         0  0  0  -1  0   4  1  1  5/13  21 
Benoit Pouliot           0  0  0  -1  0   0  3  0  3/7   6  
Brad Boyes               0  0  0  -1  0   1  0  0  0/0   8  
Brenden Morrow           0  0  0   0  2   5  4  0  1/2   21 
Brian Rolston            0  0  0   0  0   2  0  0  1/1   18 
Christian Ehrhoff        0  1  1   0  0   4  0  2  0/0   23 
Dave Bolland             0  0  0   0  2   1  0  0  8/11  8  
James Wisniewski         0  1  1   0  0   3  1  4  0/0   23 
Marc Staal               0  0  0  -2  8   1  2  0  0/0   21 
Mark Giordano            0  0  0   0  0   1  2  0  0/0   12 
Martin Erat              0  0  0   0  0   3  0  0  0/2   10 
Mike Ribeiro             1  0  1  -1  0   2  0  0  12/25 13 
Nik Antropov             0  0  0   0  0   5  0  0  12/24 22 
Rene Bourque             0  0  0  -1  0   1  1  0  1/4   12 
Ryan Callahan            0  0  0  -1  2   0  1  0  1/3   14 
Ryan Malone              0  0  0   0  0   0  0  0  0/1   17 
Ryan Suter               0  0  0   0  0   1  0  0  0/0   15 
Sergei Gonchar           0  0  0  -2  0   2  0  0  0/0   23 
RedWings
Player Name              G  A  P  +/- PIM S  H  SB FO    MP 
------------------------------------------------------------
Brendan Witt             0  0  0   0  2   0  4  0  0/0   11 
Brett Clark              0  0  0   1  2   0  2  2  0/0   23 
Brian Campbell           0  0  0   0  0   0  0  0  0/0   0  
Colin White              0  0  0   1  2   0  0  1  0/0   21 
David Hale               0  0  0   0  0   0  0  0  0/0   0  
Jean-Pierre Dumont       1  0  1   1  0   2  0  0  1/2   15 
Joe Callahan             0  0  0   1  2   1  0  1  0/0   18 
Keith Yandle             0  1  1   1  2   1  0  1  0/0   21 
Kris Draper              0  0  0   0  0   0  0  0  0/3   17 
Marty Reasoner           0  0  0   0  0   0  0  2  1/1   13 
Matt Moulson             0  0  0   0  0   0  1  0  2/3   12 
Mike Cammalleri          1  0  1   1  0   4  0  1  6/14  22 
Nate Thompson            0  0  0   1  12  2  1  0  15/32 20 
Paul Martin              0  0  0   0  0   0  0  1  0/0   21 
Pavol Demitra            0  0  0   0  0   1  0  0  0/0   2  
Ray Whitney              0  1  1   1  0   3  0  0  2/6   19 
Travis Zajac             0  1  1   1  0   1  0  1  21/30 22 
Zach Parise              0  1  1   1  0   2  1  1  1/2   22 

3 Stars

1 - Craig Anderson (DET)
2 - Mike Cammalleri (DET)
3 - Jean-Pierre Dumont (DET)

Power Play

Thrashers - 1 on 11 Attempt(s) - 9.09%
RedWings - 0 on 6 Attempt(s) - 0.00%

Penalty Kill

Thrashers - 6 on 6 Attempt(s) - 100.00% - Score 0 goal in Penalty Kill
RedWings - 10 on 11 Attempt(s) - 90.91% - Score 0 goal in Penalty Kill

Game Notes

No Game Note

Finance

Level 1 -- Attendance: 6500 (100.00%) -- Ticket Income $520,000.00
Level 2 -- Attendance: 5000 (100.00%) -- Ticket Income $225,000.00
Level 3 -- Attendance: 3500 (100.00%) -- Ticket Income $105,000.00
Level 4 -- Attendance: 3127 (76.91%) -- Ticket Income $46,905.00
Luxury Box -- Attendance: 1000 (100.00%) -- Ticket Income $150,000.00
Game was played at the Joe Louis Arena
Total Attendance: 19127 (95.32%)
Total Ticket Income: $1,110,076.00
Other Income: $196,006.20
Total Income: $1,306,082.00


Play by Play

Period #1

0:01 of 1st period - Travis Zajac wins face-off versus Mike Ribeiro in neutral zone.
0:03 of 1st period - Off-side.
0:04 of 1st period - Nate Thompson wins face-off versus Mike Ribeiro in neutral zone.
0:06 of 1st period - Double Minor Penalty to Marc Staal for High sticking.
0:07 of 1st period - Antoine Vermette wins face-off versus Nate Thompson in Thrashers zone.
0:18 of 1st period - Shot by Mike Cammalleri.
0:18 of 1st period - Stopped by Roberto Luongo without a rebound.
0:19 of 1st period - Travis Zajac wins face-off versus Antoine Vermette in Thrashers zone.
0:20 of 1st period - Shot by Zach Parise.
0:20 of 1st period - Stopped by Roberto Luongo without a rebound.
0:21 of 1st period - Travis Zajac wins face-off versus Antoine Vermette in Thrashers zone.
0:24 of 1st period - Shot by Jean-Pierre Dumont.
0:24 of 1st period - Shot Blocked by Antoine Vermette.
1:13 of 1st period - Icing by Nate Thompson.
1:14 of 1st period - Antoine Vermette wins face-off versus Nate Thompson in RedWings zone.
1:31 of 1st period - Shot by Ray Whitney.
1:31 of 1st period - Stopped by Roberto Luongo without a rebound.
1:32 of 1st period - Nik Antropov wins face-off versus Nate Thompson in Thrashers zone.
1:48 of 1st period - Mike Cammalleri is hit by James Wisniewski and loses puck.
1:56 of 1st period - Icing by Keith Yandle.
1:57 of 1st period - Antoine Vermette wins face-off versus Mike Cammalleri in RedWings zone.
4:21 of 1st period - Shot by Brian Rolston.
4:21 of 1st period - Stopped by Craig Anderson without a rebound.
4:22 of 1st period - Travis Zajac wins face-off versus Benoit Pouliot in RedWings zone.
4:22 of 1st period - Travis Zajac is hit by Benoit Pouliot.
4:25 of 1st period - Matt Moulson is hit by Benoit Pouliot and loses puck.
4:30 of 1st period - Rene Bourque is hit by Brendan Witt and loses puck.
4:42 of 1st period - Matt Moulson is hit by Marc Staal and loses puck.
5:22 of 1st period - Shot by Ryan Malone.
5:22 of 1st period - Shot Misses the Net.
6:07 of 1st period - Minor Penalty to Dave Bolland for Hooking.
6:08 of 1st period - Travis Zajac wins face-off versus Antoine Vermette in Thrashers zone.
6:59 of 1st period - Shot by Nate Thompson.
6:59 of 1st period - Stopped by Roberto Luongo without a rebound.
7:00 of 1st period - Nik Antropov wins face-off versus Matt Moulson in Thrashers zone.
7:47 of 1st period - Shot by Pavol Demitra.
7:47 of 1st period - Shot Misses the Net.
8:01 of 1st period - Shot by Pavol Demitra.
8:01 of 1st period - Stopped by Roberto Luongo with a rebound.
8:42 of 1st period - Icing by Paul Martin.
8:43 of 1st period - Dave Bolland wins face-off versus Nate Thompson in RedWings zone.
8:59 of 1st period - Off-side.
9:00 of 1st period - Benoit Pouliot wins face-off versus Travis Zajac in neutral zone.
9:28 of 1st period - Ray Whitney is hit by Marc Staal and loses puck.
10:09 of 1st period - Shot by Zach Parise.
10:09 of 1st period - Stopped by Roberto Luongo with a rebound.
10:18 of 1st period - Icing by Brian Rolston.
10:19 of 1st period - Dave Bolland wins face-off versus Nate Thompson in Thrashers zone.
10:38 of 1st period - Shot by Nik Antropov.
10:38 of 1st period - Deflect By Martin Erat.
10:38 of 1st period - Stopped by Craig Anderson without a rebound.
10:39 of 1st period - Nik Antropov wins face-off versus Kris Draper in RedWings zone.
10:40 of 1st period - Shot by Mark Giordano.
10:40 of 1st period - Stopped by Craig Anderson with a rebound.
11:55 of 1st period - Minor Penalty to Nate Thompson for High sticking.
11:56 of 1st period - Mike Ribeiro wins face-off versus Travis Zajac in RedWings zone.
12:15 of 1st period - Shot by Mike Ribeiro.
12:15 of 1st period - Shot Misses the Net.
12:19 of 1st period - Shot by Brenden Morrow.
12:19 of 1st period - Stopped by Craig Anderson with a rebound.
12:23 of 1st period - Shot by Brenden Morrow.
12:23 of 1st period - Stopped by Craig Anderson without a rebound.
12:24 of 1st period - Rene Bourque wins face-off versus Mike Cammalleri in RedWings zone.
12:41 of 1st period - Shot by Marc Staal.
12:41 of 1st period - Stopped by Craig Anderson with a rebound.
12:47 of 1st period - Shot by Sergei Gonchar.
12:47 of 1st period - Stopped by Craig Anderson without a rebound.
12:48 of 1st period - Mike Ribeiro wins face-off versus Travis Zajac in RedWings zone.
12:53 of 1st period - Shot by James Wisniewski.
12:53 of 1st period - Shot Blocked by Keith Yandle.
12:55 of 1st period - Shot by Brenden Morrow.
12:55 of 1st period - Shot Misses the Net.
12:57 of 1st period - Shot by James Wisniewski.
12:57 of 1st period - Shot Misses the Net.
13:01 of 1st period - Shot by Christian Ehrhoff.
13:01 of 1st period - Shot Blocked by Travis Zajac.
13:03 of 1st period - Shot by Christian Ehrhoff.
13:03 of 1st period - Stopped by Craig Anderson without a rebound.
13:04 of 1st period - Matt Moulson wins face-off versus Nik Antropov in RedWings zone.
14:10 of 1st period - Minor Penalty to Nate Thompson for Hooking.
14:11 of 1st period - Travis Zajac wins face-off versus Mike Ribeiro in RedWings zone.
14:59 of 1st period - Icing by Marc Staal.
15:00 of 1st period - Antoine Vermette wins face-off versus Ray Whitney in Thrashers zone.
15:15 of 1st period - Shot by Antoine Vermette.
15:15 of 1st period - Shot Misses the Net.
15:55 of 1st period - Shot by Mike Ribeiro.
15:55 of 1st period - Deflect By Brenden Morrow.
15:55 of 1st period - Stopped by Craig Anderson without a rebound.
15:56 of 1st period - Travis Zajac wins face-off versus Ryan Malone in RedWings zone.
16:07 of 1st period - Shot by Antoine Vermette.
16:07 of 1st period - Shot Misses the Net.
16:09 of 1st period - Shot by Ryan Suter.
16:09 of 1st period - Stopped by Craig Anderson with a rebound.
16:39 of 1st period - Icing by Mark Giordano.
16:40 of 1st period - Travis Zajac wins face-off versus Rene Bourque in Thrashers zone.
17:06 of 1st period - Icing by Colin White.
17:07 of 1st period - Brenden Morrow wins face-off versus Jean-Pierre Dumont in RedWings zone.
17:27 of 1st period - Minor Penalty to Nate Thompson for Cross-checking.
17:28 of 1st period - Mike Cammalleri wins face-off versus Nik Antropov in RedWings zone.
19:29 of 1st period - Icing by Antoine Vermette.
19:30 of 1st period - Nate Thompson wins face-off versus Martin Erat in Thrashers zone.
19:32 of 1st period - Minor Penalty to Nate Thompson for Hooking.
19:33 of 1st period - Mike Cammalleri wins face-off versus Mike Ribeiro in RedWings zone.
19:57 of 1st period - Icing by Ryan Malone.
19:58 of 1st period - Travis Zajac wins face-off versus Mike Ribeiro in Thrashers zone.

Period #2

0:01 of 2nd period - Mike Cammalleri wins face-off versus Ryan Callahan in neutral zone.
0:28 of 2nd period - Shot by Marc Staal.
0:28 of 2nd period - Shot Misses the Net.
1:13 of 2nd period - Icing by Brenden Morrow.
1:14 of 2nd period - Mike Ribeiro wins face-off versus Mike Cammalleri in Thrashers zone.
1:37 of 2nd period - Icing by Paul Martin.
1:38 of 2nd period - Nate Thompson wins face-off versus Rene Bourque in RedWings zone.
1:48 of 2nd period - Ryan Suter is hit by Nate Thompson and loses puck.
2:03 of 2nd period - Minor Penalty to Nate Thompson for Holding.
2:04 of 2nd period - Mike Ribeiro wins face-off versus Mike Cammalleri in RedWings zone.
2:49 of 2nd period - Shot by Antoine Vermette.
2:49 of 2nd period - Stopped by Craig Anderson without a rebound.
2:50 of 2nd period - Nik Antropov wins face-off versus Mike Cammalleri in RedWings zone.
3:29 of 2nd period - Shot by Ryan Callahan.
3:29 of 2nd period - Shot Blocked by Mike Cammalleri.
4:16 of 2nd period - Shot by Rene Bourque.
4:16 of 2nd period - Shot Misses the Net.
4:20 of 2nd period - Shot by Rene Bourque.
4:20 of 2nd period - Stopped by Craig Anderson without a rebound.
4:21 of 2nd period - Jean-Pierre Dumont wins face-off versus Benoit Pouliot in RedWings zone.
4:21 of 2nd period - Travis Zajac is hit by Benoit Pouliot and loses puck.
4:32 of 2nd period - Shot by Brad Boyes.
4:32 of 2nd period - Stopped by Craig Anderson without a rebound.
4:33 of 2nd period - Nate Thompson wins face-off versus Nik Antropov in RedWings zone.
5:59 of 2nd period - Shot by Mike Cammalleri.
5:59 of 2nd period - Goal by Mike Cammalleri - Thrashers : 0 - RedWings : 1.
6:00 of 2nd period - Nate Thompson wins face-off versus Dave Bolland in neutral zone.
6:03 of 2nd period - Shot by Zach Parise.
6:03 of 2nd period - Deflect By Mike Cammalleri.
6:03 of 2nd period - Shot Blocked by James Wisniewski.
6:13 of 2nd period - Shot by Dave Bolland.
6:13 of 2nd period - Stopped by Craig Anderson without a rebound.
6:14 of 2nd period - Dave Bolland wins face-off versus Travis Zajac in RedWings zone.
6:18 of 2nd period - Icing by Keith Yandle.
6:19 of 2nd period - Travis Zajac wins face-off versus Antoine Vermette in RedWings zone.
6:50 of 2nd period - Shot by Mike Ribeiro.
6:50 of 2nd period - Shot Blocked by Joe Callahan.
6:52 of 2nd period - Shot by Ryan Callahan.
6:52 of 2nd period - Shot Misses the Net.
6:55 of 2nd period - Minor Penalty to Keith Yandle for Hooking.
6:56 of 2nd period - Mike Ribeiro wins face-off versus Kris Draper in RedWings zone.
7:11 of 2nd period - Shot by James Wisniewski.
7:11 of 2nd period - Deflect By Brian Rolston.
7:11 of 2nd period - Shot Misses the Net.
7:13 of 2nd period - Shot by Christian Ehrhoff.
7:13 of 2nd period - Shot Misses the Net.
7:27 of 2nd period - Shot by Christian Ehrhoff.
7:27 of 2nd period - Stopped by Craig Anderson without a rebound.
7:28 of 2nd period - Nik Antropov wins face-off versus Ray Whitney in RedWings zone.
8:21 of 2nd period - Icing by Christian Ehrhoff.
8:22 of 2nd period - Mike Ribeiro wins face-off versus Ray Whitney in Thrashers zone.
8:26 of 2nd period - Christian Ehrhoff is hit by Zach Parise and loses puck.
9:20 of 2nd period - Shot by Nik Antropov.
9:20 of 2nd period - Stopped by Craig Anderson without a rebound.
9:21 of 2nd period - Travis Zajac wins face-off versus Benoit Pouliot in RedWings zone.
9:41 of 2nd period - Minor Penalty to Marc Staal for Hooking.
9:42 of 2nd period - Nik Antropov wins face-off versus Zach Parise in Thrashers zone.
10:01 of 2nd period - Icing by Mike Cammalleri.
10:02 of 2nd period - Zach Parise wins face-off versus Antoine Vermette in RedWings zone.
10:36 of 2nd period - Brenden Morrow is hit by Matt Moulson and loses puck.
11:48 of 2nd period - Icing by Marc Staal.
11:49 of 2nd period - Benoit Pouliot wins face-off versus Nate Thompson in Thrashers zone.
12:04 of 2nd period - Shot by Benoit Pouliot.
12:04 of 2nd period - Shot Misses the Net.
12:30 of 2nd period - Off-side.
12:31 of 2nd period - Dave Bolland wins face-off versus Travis Zajac in neutral zone.
12:33 of 2nd period - Off-side.
12:34 of 2nd period - Dave Bolland wins face-off versus Travis Zajac in neutral zone.
12:51 of 2nd period - Icing by Dave Bolland.
12:52 of 2nd period - Dave Bolland wins face-off versus Travis Zajac in Thrashers zone.
14:03 of 2nd period - Shot by Ryan Malone.
14:03 of 2nd period - Deflect By Nik Antropov.
14:03 of 2nd period - Shot Misses the Net.
14:05 of 2nd period - Shot by Ryan Malone.
14:05 of 2nd period - Shot Misses the Net.
14:07 of 2nd period - Shot by Nik Antropov.
14:07 of 2nd period - Stopped by Craig Anderson without a rebound.
14:08 of 2nd period - Nate Thompson wins face-off versus Mike Ribeiro in RedWings zone.
14:08 of 2nd period - Nate Thompson is hit by Ryan Callahan.
14:13 of 2nd period - Minor Penalty to Nate Thompson for Slashing.
14:14 of 2nd period - Marty Reasoner wins face-off versus Nik Antropov in RedWings zone.
14:44 of 2nd period - Icing by Ryan Callahan.
14:45 of 2nd period - Mike Cammalleri wins face-off versus Nik Antropov in Thrashers zone.
14:48 of 2nd period - Shot by Mike Cammalleri.
14:48 of 2nd period - Shot Misses the Net.
15:21 of 2nd period - Icing by Brenden Morrow.
15:22 of 2nd period - Mike Ribeiro wins face-off versus Mike Cammalleri in Thrashers zone.
16:09 of 2nd period - Shot by Sergei Gonchar.
16:09 of 2nd period - Stopped by Craig Anderson without a rebound.
16:10 of 2nd period - Ray Whitney wins face-off versus Antoine Vermette in RedWings zone.
16:32 of 2nd period - Martin Erat is hit by Brendan Witt and loses puck.
16:48 of 2nd period - Icing by Nate Thompson.
16:49 of 2nd period - Nate Thompson wins face-off versus Benoit Pouliot in RedWings zone.
16:49 of 2nd period - Matt Moulson is hit by Rene Bourque and loses puck.
16:53 of 2nd period - Icing by Joe Callahan.
16:54 of 2nd period - Mike Ribeiro wins face-off versus Nate Thompson in RedWings zone.
16:54 of 2nd period - Marc Staal is hit by Brendan Witt and loses puck.
17:02 of 2nd period - Mike Ribeiro is hit by Brendan Witt.
17:03 of 2nd period - Minor Penalty to Brendan Witt for Hooking.
17:04 of 2nd period - Mike Ribeiro wins face-off versus Nate Thompson in RedWings zone.
17:08 of 2nd period - Mike Ribeiro is hit by Brett Clark and loses puck.
17:15 of 2nd period - Shot by James Wisniewski.
17:15 of 2nd period - Stopped by Craig Anderson without a rebound.
17:16 of 2nd period - Mike Cammalleri wins face-off versus Nik Antropov in RedWings zone.
17:31 of 2nd period - Shot by Antoine Vermette.
17:31 of 2nd period - Stopped by Craig Anderson without a rebound.
17:32 of 2nd period - Nate Thompson wins face-off versus Mike Ribeiro in RedWings zone.
17:32 of 2nd period - Nate Thompson is hit by Brenden Morrow.
17:42 of 2nd period - Kris Draper is hit by Brenden Morrow and loses puck.
17:47 of 2nd period - Shot by James Wisniewski.
17:47 of 2nd period - Stopped by Craig Anderson with a rebound.
17:49 of 2nd period - Shot by Mike Ribeiro.
17:49 of 2nd period - Shot Misses the Net.
17:51 of 2nd period - Shot by Christian Ehrhoff.
17:51 of 2nd period - Shot Blocked by Brett Clark.
17:53 of 2nd period - Shot by Mike Ribeiro.
17:53 of 2nd period - Shot Misses the Net.
17:55 of 2nd period - Shot by James Wisniewski.
17:55 of 2nd period - Shot Misses the Net.
17:57 of 2nd period - Shot by Mike Ribeiro.
17:57 of 2nd period - Goal by Mike Ribeiro - Thrashers : 1 - RedWings : 1.
17:58 of 2nd period - Nik Antropov wins face-off versus Travis Zajac in neutral zone.
18:15 of 2nd period - Shot by Travis Zajac.
18:15 of 2nd period - Shot Misses the Net.
18:18 of 2nd period - Travis Zajac is hit by Mark Giordano and loses puck.
18:30 of 2nd period - Minor Penalty to Colin White for Hooking.
18:31 of 2nd period - Nik Antropov wins face-off versus Nate Thompson in RedWings zone.
19:23 of 2nd period - Off-side.
19:24 of 2nd period - Nate Thompson wins face-off versus Mike Ribeiro in neutral zone.
19:30 of 2nd period - Icing by Brian Rolston.
19:31 of 2nd period - Mike Ribeiro wins face-off versus Nate Thompson in Thrashers zone.
19:43 of 2nd period - Icing by Brenden Morrow.
19:44 of 2nd period - Mike Ribeiro wins face-off versus Mike Cammalleri in Thrashers zone.
19:54 of 2nd period - Marty Reasoner is hit by Brenden Morrow.

Period #3

0:01 of 3rd period - Nik Antropov wins face-off versus Nate Thompson in neutral zone.
0:12 of 3rd period - Shot by Nik Antropov.
0:12 of 3rd period - Stopped by Craig Anderson without a rebound.
0:13 of 3rd period - Brian Rolston wins face-off versus Nate Thompson in RedWings zone.
0:18 of 3rd period - Shot by Brenden Morrow.
0:18 of 3rd period - Shot Blocked by Zach Parise.
0:20 of 3rd period - Shot by James Wisniewski.
0:20 of 3rd period - Stopped by Craig Anderson without a rebound.
0:21 of 3rd period - Ryan Callahan wins face-off versus Nate Thompson in RedWings zone.
0:22 of 3rd period - Shot by Antoine Vermette.
0:22 of 3rd period - Shot Misses the Net.
0:39 of 3rd period - Minor Penalty to Brenden Morrow for Hooking.
0:40 of 3rd period - Antoine Vermette wins face-off versus Nate Thompson in Thrashers zone.
1:47 of 3rd period - Shot by Paul Martin.
1:47 of 3rd period - Shot Misses the Net.
2:21 of 3rd period - Shot by Keith Yandle.
2:21 of 3rd period - Deflect By Mike Cammalleri.
2:21 of 3rd period - Shot Blocked by James Wisniewski.
2:25 of 3rd period - Shot by Nate Thompson.
2:25 of 3rd period - Deflect By Mike Cammalleri.
2:25 of 3rd period - Shot Misses the Net.
2:29 of 3rd period - Shot by Nate Thompson.
2:29 of 3rd period - Shot Blocked by Christian Ehrhoff.
2:31 of 3rd period - Shot by Mike Cammalleri.
2:31 of 3rd period - Stopped by Roberto Luongo without a rebound.
2:32 of 3rd period - Travis Zajac wins face-off versus Antoine Vermette in Thrashers zone.
3:07 of 3rd period - Shot by Travis Zajac.
3:07 of 3rd period - Deflect By Matt Moulson.
3:07 of 3rd period - Shot Blocked by James Wisniewski.
3:58 of 3rd period - Minor Penalty to Joe Callahan for Holding.
3:59 of 3rd period - Ray Whitney wins face-off versus Nik Antropov in RedWings zone.
3:59 of 3rd period - Ray Whitney is hit by Antoine Vermette.
4:20 of 3rd period - Antoine Vermette is hit by Brett Clark and loses puck.
4:31 of 3rd period - Shot by Antoine Vermette.
4:31 of 3rd period - Stopped by Craig Anderson without a rebound.
4:32 of 3rd period - Matt Moulson wins face-off versus Mike Ribeiro in RedWings zone.
4:32 of 3rd period - Matt Moulson is hit by Brenden Morrow.
4:46 of 3rd period - Shot by Mike Ribeiro.
4:46 of 3rd period - Stopped by Craig Anderson without a rebound.
4:47 of 3rd period - Travis Zajac wins face-off versus Nik Antropov in RedWings zone.
5:08 of 3rd period - Shot by Ryan Callahan.
5:08 of 3rd period - Shot Misses the Net.
5:44 of 3rd period - Shot by Brian Rolston.
5:44 of 3rd period - Shot Misses the Net.
5:46 of 3rd period - Shot by Christian Ehrhoff.
5:46 of 3rd period - Stopped by Craig Anderson with a rebound.
5:48 of 3rd period - Shot by James Wisniewski.
5:48 of 3rd period - Shot Blocked by Marty Reasoner.
5:50 of 3rd period - Shot by Brenden Morrow.
5:50 of 3rd period - Shot Blocked by Marty Reasoner.
5:54 of 3rd period - Shot by Brenden Morrow.
5:54 of 3rd period - Stopped by Craig Anderson with a rebound.
5:58 of 3rd period - Shot by Brenden Morrow.
5:58 of 3rd period - Deflect By Rene Bourque.
5:58 of 3rd period - Shot Blocked by Colin White.
6:02 of 3rd period - Shot by Martin Erat.
6:02 of 3rd period - Stopped by Craig Anderson without a rebound.
6:02 of 3rd period - Minor Penalty to Brett Clark for Hooking.
6:03 of 3rd period - Nate Thompson wins face-off versus Ryan Callahan in RedWings zone.
8:07 of 3rd period - Shot by Brad Boyes.
8:07 of 3rd period - Shot Blocked by Brett Clark.
8:20 of 3rd period - Minor Penalty to Marc Staal for Hooking.
8:21 of 3rd period - Travis Zajac wins face-off versus Nik Antropov in Thrashers zone.
10:28 of 3rd period - Shot by Brenden Morrow.
10:28 of 3rd period - Stopped by Craig Anderson without a rebound.
10:29 of 3rd period - Nik Antropov wins face-off versus Kris Draper in RedWings zone.
10:55 of 3rd period - Off-side.
10:56 of 3rd period - Dave Bolland wins face-off versus Nate Thompson in neutral zone.
11:15 of 3rd period - Shot by Ray Whitney.
11:15 of 3rd period - Stopped by Roberto Luongo without a rebound.
11:16 of 3rd period - Travis Zajac wins face-off versus Mike Ribeiro in Thrashers zone.
11:17 of 3rd period - Shot by Ray Whitney.
11:17 of 3rd period - Deflect By Travis Zajac.
11:17 of 3rd period - Stopped by Roberto Luongo without a rebound.
11:18 of 3rd period - Travis Zajac wins face-off versus Mike Ribeiro in Thrashers zone.
11:33 of 3rd period - Shot by Sergei Gonchar.
11:33 of 3rd period - Shot Blocked by Paul Martin.
12:43 of 3rd period - Shot by Keith Yandle.
12:43 of 3rd period - Shot Blocked by James Wisniewski.
12:45 of 3rd period - Shot by Joe Callahan.
12:45 of 3rd period - Stopped by Roberto Luongo without a rebound.
12:46 of 3rd period - Nik Antropov wins face-off versus Nate Thompson in Thrashers zone.
13:01 of 3rd period - Shot by Nik Antropov.
13:01 of 3rd period - Shot Misses the Net.
13:03 of 3rd period - Shot by Martin Erat.
13:03 of 3rd period - Shot Misses the Net.
13:11 of 3rd period - Shot by Nik Antropov.
13:11 of 3rd period - Stopped by Craig Anderson with a rebound.
13:15 of 3rd period - Shot by Nik Antropov.
13:15 of 3rd period - Deflect By Martin Erat.
13:15 of 3rd period - Stopped by Craig Anderson with a rebound.
13:17 of 3rd period - Shot by Mark Giordano.
13:17 of 3rd period - Shot Misses the Net.
13:21 of 3rd period - Shot by Nik Antropov.
13:21 of 3rd period - Stopped by Craig Anderson without a rebound.
13:22 of 3rd period - Travis Zajac wins face-off versus Dave Bolland in RedWings zone.
13:34 of 3rd period - Shot by Keith Yandle.
13:34 of 3rd period - Stopped by Roberto Luongo without a rebound.
13:35 of 3rd period - Benoit Pouliot wins face-off versus Travis Zajac in Thrashers zone.
14:36 of 3rd period - Shot by Brian Rolston.
14:36 of 3rd period - Stopped by Craig Anderson without a rebound.
14:37 of 3rd period - Nate Thompson wins face-off versus Nik Antropov in RedWings zone.
15:07 of 3rd period - Mike Cammalleri is hit by Mark Giordano and loses puck.
15:31 of 3rd period - Off-side.
15:32 of 3rd period - Travis Zajac wins face-off versus Dave Bolland in neutral zone.
15:49 of 3rd period - Shot by Christian Ehrhoff.
15:49 of 3rd period - Stopped by Craig Anderson without a rebound.
15:50 of 3rd period - Mike Ribeiro wins face-off versus Mike Cammalleri in RedWings zone.
15:59 of 3rd period - Shot by Antoine Vermette.
15:59 of 3rd period - Stopped by Craig Anderson without a rebound.
16:00 of 3rd period - Nate Thompson wins face-off versus Brenden Morrow in RedWings zone.
16:12 of 3rd period - Off-side.
16:13 of 3rd period - Travis Zajac wins face-off versus Mike Ribeiro in neutral zone.
16:28 of 3rd period - Shot by Ray Whitney.
16:28 of 3rd period - Deflect By Travis Zajac.
16:28 of 3rd period - Shot Hit the Post.
16:30 of 3rd period - Shot by Travis Zajac.
16:30 of 3rd period - Shot Misses the Net.
16:32 of 3rd period - Shot by Jean-Pierre Dumont.
16:32 of 3rd period - Goal by Jean-Pierre Dumont - Thrashers : 1 - RedWings : 2.
16:33 of 3rd period - Nik Antropov wins face-off versus Nate Thompson in neutral zone.
16:44 of 3rd period - Shot by Mike Cammalleri.
16:44 of 3rd period - Stopped by Roberto Luongo without a rebound.
16:45 of 3rd period - Dave Bolland wins face-off versus Ray Whitney in Thrashers zone.
17:46 of 3rd period - Icing by Mark Giordano.
17:47 of 3rd period - Travis Zajac wins face-off versus Martin Erat in Thrashers zone.
18:02 of 3rd period - Shot by Jean-Pierre Dumont.
18:02 of 3rd period - Stopped by Roberto Luongo without a rebound.
18:03 of 3rd period - Nate Thompson wins face-off versus Rene Bourque in Thrashers zone.
19:14 of 3rd period - Shot by Travis Zajac.
19:14 of 3rd period - Deflect By Ray Whitney.
19:14 of 3rd period - Stopped by Roberto Luongo without a rebound.
19:15 of 3rd period - Travis Zajac wins face-off versus Mike Ribeiro in Thrashers zone.
19:40 of 3rd period - Thrashers, Roberto Luongo is pulled from the net.
19:49 of 3rd period - Off-side.
19:50 of 3rd period - Mike Cammalleri wins face-off versus Antoine Vermette in neutral zone.
19:50 of 3rd period - Minor Penalty to Ryan Callahan for Interference.
19:51 of 3rd period - Roberto Luongo from Thrashers was sent back in the game.
19:51 of 3rd period - Nate Thompson wins face-off versus Nik Antropov in Thrashers zone.
19:54 of 3rd period - Shot by Ray Whitney.
19:54 of 3rd period - Shot Blocked by Christian Ehrhoff.
19:56 of 3rd period - Shot by Nate Thompson.
19:56 of 3rd period - Stopped by Roberto Luongo without a rebound.
19:57 of 3rd period - Nate Thompson wins face-off versus Nik Antropov in Thrashers zone.


Output by the SimonT Hockey Simulator (STHS) for Stephane Roy -- Original Page W3C XHTML 1.0 Valid